 Dungeon Crawl Stone Soup version 0.28-a0-983-g1de4e0787c (webtiles) character file.

Game seed: 1245457702689670029

953 Glokmah the Chiller (level 7, -7/53 HPs)
             Began as a Demonspawn Ice Elementalist on Dec 3, 2021.
             Was a Believer of Sif Muna.
             Mangled by an unseen horror (8 damage)
             ... on level 5 of the Dungeon.
             The game lasted 00:11:45 (5735 turns).

Glokmah the Chiller (Demonspawn Ice Elementalist)   Turns: 5735, Time: 00:11:46

Health: -7/53      AC:  7    Str: 10    XL:     7   Next: 90%
Magic:  5/13       EV: 12    Int: 17    God:    Sif Muna [**....]
Gold:   373        SH:  4    Dex: 13    Spells: 2/14 levels left

rFire   + . .      SeeInvis .   j - +0 whip (elec)
rCold   . . .      Faith    +   (no shield)
rNeg    . . .      Spirit   .   E - +2 robe {rF+}
rPois   .          Reflect  .   (no helmet)
rElec   .          Harm     .   (no cloak)
rCorr   .          Rampage  .   (no gloves)
Will    +....                   s - +0 pair of boots
Stlth   ++........              n - amulet of faith
HPRegen 0.17/turn               d - ring of wizardry
MPRegen 0.13/turn               e - ring of willpower

@: freezing walls
A: claws 2, sharp scales 2, condensation shield
a: Renounce Religion, Channel Magic


You were on level 5 of the Dungeon.
You worshipped Sif Muna.
Sif Muna was pleased with you.
You visited 2 branches of the dungeon, and saw 6 of its levels.
You also visited: Sewer.

You collected 373 gold pieces.

Inventory:

Hand Weapons
 f - a +0 spear of freezing
 j - a +0 whip of electrocution (weapon)
 m - a +1 dagger of venom
Missiles
 a - a throwing net
 k - 5 silver boomerangs
 r - 2 boomerangs
Armour
 s - a +0 pair of boots (worn)
 E - a +2 robe of fire resistance (worn)
Jewellery
 d - a ring of wizardry (left claw)
 e - a ring of willpower (right claw)
 n - an amulet of faith (around neck)
 o - a ring of flight
 t - an amulet of reflection
 u - an amulet of magic regeneration
 v - a ring of poison resistance
 D - a ring of fire
Scrolls
 g - a scroll of torment
 l - 2 scrolls of teleportation
 q - 4 scrolls of identify
 w - a scroll of noise {unknown}
 x - a scroll of acquirement {unknown}
 A - a scroll of immolation {unknown}
 C - a scroll of fog
Potions
 b - a potion of degeneration {unknown}
 h - 2 potions of attraction
 i - 4 potions of flight
 p - a potion of cancellation
 z - a potion of heal wounds {unknown}
 B - 2 potions of mutation {unknown}


   Skills:
 + Level 3.7 Fighting
 - Level 1.0 Maces & Flails
 - Level 1.7 Dodging
 - Level 1.7 Stealth
 + Level 4.1 Spellcasting
 * Level 2.7 Conjurations
 * Level 6.4 Ice Magic
 + Level 1.6 Air Magic


You had 2 spell levels left.
You knew the following spells:

 Your Spells              Type           Power      Damage    Failure   Level
a - Freeze                Ice            100%       1d11      1%          1
b - Frozen Ramparts       Ice            50%        1d7       1%          3
c - Ozocubu's Armour      Ice            25%        N/A       1%          3
d - Freezing Cloud        Conj/Ice/Air   7%         6-21      36%         5

Your spell library contained the following spells:

 Spells                   Type           Power      Damage    Failure   Level
 Hailstorm                Conj/Ice       19%        3d6       10%         4
 Conjure Flame            Conj/Fire      8%         6-21      11%         3
 Mephitic Cloud           Conj/Pois/Air  8%         N/A       11%         3
 Ignite Poison            Fire/Tmut/Pois 3%         N/A       19%         3
 Sticky Flame             Conj/Fire      8%         2d3       32%         4


Dungeon Overview and Level Annotations

Branches:
Dungeon (5/15)             Temple (1/1) D:4           Sewer (visited)

Altars:
Cheibriados
Dithmenos
Elyvilon
Fedhas
Hepliaklqana
Kikubaaqudgha
Makhleb
Nemelex Xobeh
Okawaru
Qazlal
Ru
Sif Muna
Trog
Uskayaw
Wu Jian
Yredelemnul
Zin
The Shining One


Innate Abilities, Weirdness & Mutations

You have very sharp fingernails.
You are mostly covered in razor-sharp scales. (AC +2, Slay +2)
A meltable shield of frost defends you. (SH +4)


Message History

You block something's attack.
Deactivating autopickup; reactivate with Ctrl-A.
Things that are here:
a +0 dagger; a +0 robe; an orc corpse Something hits you but does no damage.
Something hits you.
You barely miss something. Something hits you. Something hits you!
Something hits you but does no damage. Something hits you.
Something hits you but does no damage. Something hits you.
Casting: Frozen Ramparts (safe; 1% risk of failure)
Confirm with . or Enter, or press ? or * to list all spells.
Casting: Frozen Ramparts (safe; 1% risk of failure)
Press: ? - help, Dir - look around, f - activate The walls around you are covered in ice.
The wall freezes something.
Something hits you!
The wall freezes something.
Something hits you but does no damage.
The wall freezes something.
Something hits you but does no damage.
Unknown command.
The wall freezes something.
Something hits you but does no damage.
The wall freezes something but does no damage.
The wall freezes something.
Unknown command.
You hit something.
The wall freezes something.
Something hits you!
* * * LOW HITPOINT WARNING * * *
The wall freezes something.
Something hits you but does no damage.
The wall freezes something.
Something hits you!
* * * LOW HITPOINT WARNING * * *
Unknown command.
It was a potion of cancellation.
Your magical effects are unravelling.
You feel magically purged.
The frozen ramparts melt away.
Something hits you.
* * * LOW HITPOINT WARNING * * *
Casting: Frozen Ramparts (safe; 1% risk of failure)
Confirm with . or Enter, or press ? or * to list all spells.
Casting: Frozen Ramparts (safe; 1% risk of failure)
Press: ? - help, Dir - look around, f - activate The walls around you are covered in ice.
The wall freezes something.
Something hits you but does no damage.
The wall freezes something.
Something hits you!
You die...

#.88.#.)####.####
#....'.†# #.#
######### #.#
##....####.#
#.####....##
#.#########
#.##..##{[#
#.##..##[!#
##).##@.###
#..##..# ########


There were no monsters in sight!

Vanquished Creatures
  A black bear (D:4)
  A phantom (D:4)
  2 scorpions (D:5)
  A water moccasin skeleton (D:4)
  4 orc priests
  A bullfrog skeleton (D:5)
  5 orc wizards
  Natasha (thrice) (D:3)
  An iguana (D:4)
  A merfolk siren (Sewer)
  A merfolk avatar (Sewer)
  3 river rats (Sewer)
  5 adders
  A shadow imp (D:5)
  A worm (D:3)
  2 dart slugs
  17 orcs
  9 ball pythons
  8 endoplasms
  6 giant cockroaches
  3 goblins
  7 hobgoblins
  3 jackals (D:5)
  8 quokkas
  6 bats
  7 frilled lizards
  4 kobolds
  22 rats
133 creatures vanquished.

Notes
Turn   | Place    | Note
-------+----------+-------------------------------------------
     0 | D:1      | Glokmah the Demonspawn Ice Elementalist began the quest for
                  | the Orb.
     0 | D:1      | Reached XP level 1. HP: 13/13 MP: 3/3
   247 | D:1      | Gained mutation: You have sharp fingernails. [demonic
                  | ancestry]
   247 | D:1      | Reached XP level 2. HP: 20/20 MP: 3/5
   491 | D:1      | Reached skill level 4 in Ice Magic
   862 | D:2      | Reached skill level 1 in Fighting
  1053 | D:2      | Gained mutation: You are partially covered in razor-sharp
                  | scales. (AC +1, Slay +1) [demonic ancestry]
  1053 | D:2      | Reached XP level 3. HP: 19/26 MP: 4/6
  1793 | D:3      | Learned a level 3 spell: Frozen Ramparts
  1797 | D:3      | Learned a level 3 spell: Ozocubu's Armour
  1893 | D:3      | Noticed Natasha
  1900 | D:3      | Killed Natasha
  1901 | D:3      | Reached XP level 4. HP: 33/33 MP: 0/8
  2067 | D:3      | Reached skill level 1 in Maces & Flails
  2067 | D:3      | Gained mutation: You have very sharp fingernails. [demonic
                  | ancestry]
  2067 | D:3      | Reached XP level 5. HP: 32/38 MP: 5/9
  2225 | D:3      | Noticed Natasha
  2230 | D:3      | Killed Natasha
  2270 | D:3      | Noticed Natasha
  2278 | D:3      | Killed Natasha
  2279 | D:3      | Reached skill level 5 in Ice Magic
  2502 | D:4      | Found a staircase to the Ecumenical Temple.
  2506 | Temple   | Entered the Ecumenical Temple
  2694 | Temple   | Became a worshipper of Sif Muna the Loreminder
  2726 | D:4      | Noticed a black bear
  2755 | D:4      | Killed a black bear
  2756 | D:4      | Gained mutation: You are mostly covered in razor-sharp
                  | scales. (AC +2, Slay +2) [demonic ancestry]
  2756 | D:4      | Reached XP level 6. HP: 33/46 MP: 0/10
  2779 | D:4      | Found a glowing drain.
  2794 | Sewer    | Entered a sewer
  2997 | Sewer    | Reached * piety under Sif Muna
  3358 | Sewer    | Reached ** piety under Sif Muna
  3830 | D:4      | Learned a level 5 spell: Freezing Cloud
  4097 | D:4      | Reached skill level 1 in Conjurations
  4316 | D:4      | Gained mutation: A meltable shield of frost defends you.
                  | (SH +4) [demonic ancestry]
  4316 | D:4      | Reached XP level 7. HP: 42/52 MP: 10/12
  4536 | D:4      | Reached skill level 6 in Ice Magic
  4794 | D:4      | Found a shadowy altar of Dithmenos.
  4896 | D:4      | Found a sparkling altar of Nemelex Xobeh.
  5244 | D:5      | Entered Level 5 of the Dungeon
  5259 | D:5      | Reached skill level 1 in Air Magic
  5734 | D:5      | HP: 1/53 [something (4)]
  5735 | D:5      | Mangled by an unseen horror

Illustrated notes

Levels and vault maps discovered:
D:1:      dpeg_arrival_refuge, layout_basic
D:2:      layout_rooms
D:3:      layout_rooms, uniq_natasha
D:4:      layout_layer_cave, general_overflow_altar,
          grunt_dithmenos_smoke_and_mirrors, minmay_temple_entry_stoned_glass,
          portal_sewer_entry_f
D:5:      minmay_chambers_of_fours, layout_loops_ring,
          mainiacjoe_overflow_small_starburst, nicolae_shop_clearance
Temple:   regret_index_temple_sphere_string

Skill      XL: |  1  2  3  4  5  6  7 |
---------------+----------------------+-----
Ice Magic      | 4 5 6 |  6.4
Fighting       | 1 2 3 |  3.7
Maces & Flails | 1 |  1.0
Spellcasting   | 3 4 |  4.1
Conjurations   | 1 2 |  2.7
Air Magic      | 1 |  1.6
Dodging        | |  1.7
Stealth        | |  1.7

Action                   |  1- 3 |  4- 6 |  7- 9 || total
-------------------------+-------+-------+-------++-------
Melee: Dagger            |     1 |       |       ||     1
       Whip              |    28 |    74 |    51 ||   153
       Spear             |     8 |       |       ||     8
 Cast: Freeze            |    36 |    52 |     8 ||    96
       Frozen Ramparts   |     1 |    11 |     7 ||    19
       Ozocubu's Armour  |     1 |     3 |     1 ||     5
  Use: Scroll            |       |     6 |       ||     6
       Potion            |       |       |     1 ||     1
 Stab: Sleeping          |     1 |       |       ||     1
Armor: Leather armour    |     5 |    40 |    11 ||    56
       Robe              |     2 |       |    16 ||    18
Dodge: Dodged            |    34 |    62 |    24 ||   120
Block: Other             |       |       |    12 ||    12

Table legend: (Time is in decaauts)
 A = Elapsed time spent in this place.
 B = Non-inter-level travel time spent in this place.
 C = Inter-level travel time spent in this place.
 D = Time resting spent in this place.
 E = Time spent auto-exploring this place.
 F = Levels seen in this place.
 G = Mean time per level.
                   A        B        C        D        E       F      G
               +--------+--------+--------+--------+--------+-----+--------+
         Total |   5800 |   5647 |    153 |    694 |   3784 |   7 |  828.6 |
       Dungeon |   4699 |   4593 |    106 |    489 |   3254 |   5 |  939.8 |
        Temple |    211 |    164 |     47 |      0 |    139 |   1 |  211.0 |
         Sewer |    889 |    889 |      0 |    205 |    391 |   1 |  889.0 |
               +--------+--------+--------+--------+--------+-----+--------+

Top non-repeatable levels by time:
     D:4: 1691 daAuts
   Sewer: 889 daAuts
     D:2: 869 daAuts
     D:1: 854 daAuts
     D:3: 791 daAuts
     D:5: 493 daAuts
  Temple: 211 daAuts
